 Dungeon Crawl Stone Soup version 0.24.1 (webtiles) character file.

Game seed: 682657834585110243, levelgen mode: deterministic

13509 Jabberih the Archer (level 11, -3/86 HPs)
             Began as a Centaur Hunter on Mar 19, 2020.
             Was a High Priest of Okawaru.
             Slain by an eight-headed hydra (7 damage)
             ... on level 2 of the Lair of Beasts on Mar 24, 2020.
             The game lasted 00:52:52 (14417 turns).

Jabberih the Archer (Centaur Hunter)               Turns: 14417, Time: 00:52:53

Health: -3/86      AC: 15    Str: 16    XL:     11   Next: 76%
Magic:  12/12      EV:  9    Int: 13    God:    Okawaru [*****.]
Gold:   575        SH:  3    Dex:  9    Spells: 5/10 levels left

rFire    . . .     SeeInvis .   b - +8 battleaxe (venom)
rCold    + . .     Gourm    .   (shield currently unavailable)
rNeg     . . .     Faith    .   E - +0 scale mail
rPois    .         Spirit   .   F - +0 helmet
rElec    .         Reflect  +   (no cloak)
rCorr    .         Harm     .   s - +1 pair of gloves
MR       .....                  (no barding)
Stlth    ..........             o - +3 amulet of reflection
HPRegen  0.24/turn              j - ring of protection from cold
MPRegen  0.13/turn              K - +4 ring of protection

@: very slow
A: large, hooves 3, deformed body, speed 2, tough skin 3
a: Heroism, Finesse, Renounce Religion


You were on level 2 of the Lair of Beasts.
You worshipped Okawaru.
Okawaru was extremely pleased with you.
You were not hungry.

You visited 2 branches of the dungeon, and saw 12 of its levels.

You collected 575 gold pieces.

Inventory:

Hand Weapons
 a - a +2 longbow of velocity
 b - a +8 battleaxe of venom (weapon)
Missiles
 d - 156 arrows
 n - 38 poisoned darts (quivered)
Armour
 c - a +1 leather armour
 k - a cursed +0 helmet
 s - a +1 pair of gloves (worn)
 x - a +0 ring mail
 E - a +0 scale mail (worn)
 F - a +0 helmet (worn)
 I - a +0 robe of magic resistance
Jewellery
 j - a ring of protection from cold (left hand)
 m - an uncursed ring of see invisible
 o - a +3 amulet of reflection (around neck)
 u - an uncursed amulet of the gourmand
 y - an uncursed ring of flight
 A - an uncursed amulet of faith
 C - an uncursed ring of wizardry
 H - an uncursed ring of stealth
 J - an uncursed amulet of regeneration
 K - a +4 ring of protection (right hand)
Wands
 g - a wand of paralysis (16)
 t - a wand of polymorph (11)
 z - a wand of enslavement (6)
 G - a wand of iceblast (4)
 L - a wand of disintegration (14)
Scrolls
 B - a scroll of amnesia
 M - a scroll of fear
Potions
 e - 4 potions of agility
 h - 4 potions of cancellation
 i - a potion of ambrosia {unknown}
 l - 4 potions of curing
 p - 3 potions of flight {unknown}
 q - a potion of lignification {unknown}
 r - 2 potions of heal wounds {unknown}
 v - a potion of degeneration {unknown}
 w - 4 potions of brilliance {unknown}
 D - 2 potions of magic {unknown}
 O - 2 potions of resistance {unknown}
Miscellaneous
 N - a phantom mirror
 P - a fan of gales
Comestibles
 f - 15 rations


   Skills:
 - Level 5.0 Fighting
   Level 0.4 Short Blades
 - Level 8.7 Axes
   Level 0.4(5.4) Polearms
 - Level 14.0 Bows
 - Level 6.2 Armour
 - Level 6.3 Dodging
 - Level 0.4 Stealth
 + Level 2.0 Invocations
 + Level 1.5 Evocations


You had 5 spell levels left.
You knew the following spells:

 Your Spells              Type           Power        Failure   Level  Hunger
a - Swiftness             Chrm/Air       #.......     83%         2    ###....
b - Portal Projectile     Hex/Tloc       #.....       96%         3    ####...

Your spell library contained the following spells:

 Spells                   Type           Power        Failure   Level  Hunger
 Corona                   Hex            #......      69%         1    ##.....
 Shock                    Conj/Air       #...         69%         1    ##.....
 Slow                     Hex            #.......     83%         2    ###....
 Inner Flame              Hex/Fire       #.......     96%         3    ####...
 Static Discharge         Conj/Air       #.......     96%         3    ####...
 Airstrike                Air            #.........   100%        4    #####..
 Cause Fear               Hex            #.........   100%        4    #####..
 Leda's Liquefaction      Hex/Erth       #.........   100%        4    #####..
 Lightning Bolt           Conj/Air       #.........   100%        5    ######.


Dungeon Overview and Level Annotations

Branches:
Dungeon (10/15)            Temple (0/1) D:7            Lair (2/6) D:9
  Swamp (0/4) Lair:2
  Snake: Lair:2-4    Spider: Lair:2-4       Orc: D:9-12

Altars:
Okawaru
Sif Muna
Trog
Beogh

Shops:
D:5 [


Innate Abilities, Weirdness & Mutations

You have hooves in place of feet.
Armour fits poorly on your strangely shaped body.
You cover ground very quickly.
You have extremely tough skin. (AC +3)


Message History

The eight-headed hydra barely misses you.
The eight-headed hydra bites you but does no damage. x2
The eight-headed hydra barely misses you.
The eight-headed hydra bites you but does no damage.
The eight-headed hydra bites you!
* * * LOW HITPOINT WARNING * * *
Unknown command.
Okay, then.
Okay, then.
Okay, then.
The eight-headed hydra bites you but does no damage. x2
The eight-headed hydra bites you!
* * * LOW HITPOINT WARNING * * *
The eight-headed hydra bites you but does no damage.
The eight-headed hydra barely misses you.
The eight-headed hydra bites you!
* * * LOW HITPOINT WARNING * * *
The eight-headed hydra bites you but does no damage.
The eight-headed hydra bites you!
You die...

.##### ####..).......***
...#.## ### ##.#P..........,,*
......###P###..............,,*
.#...D.#P.##..###'###......,,*
..#####†..##..#....P.......,,**
...# ##......#....≈#.P.≈≈≈≈≈≈*
...# #.......#≈≈.≈≈.≈≈≈≈≈≈≈≈≈*
..### #..#....###.###≈≈≈≈≈≈≈≈≈*
....###S......≈≈@.≈≈≈≈≈≈≈≈≈≈≈≈*
.....#D#.....≈≈D≈.≈≈≈≈≈≈≈≈≈≈≈≈*
.......#...P≈≈≈≈≈.≈≈≈≈≈≈≈≈*****
.#.#.#.....≈≈≈≈≈≈.≈≈≈.....*,,*
###.#....P≈≈≈≈≈≈≈.P≈.≈≈P.P*,,#
###....P≈≈≈≈≈≈..≈#########.#
#....≈≈≈≈≈≈...≈..≈#≈≈≈...#
#....≈≈≈≈≈..≈≈≈#≈.#≈≈.≈P≈#
###.≈≈≈≈≈≈.≈#+###≈#P..P.≈#


You could see an eight-headed hydra.

Vanquished Creatures
  Erolcha (D:9)
  A hydra (Lair:1)
  Erica (D:9)
  2 two-headed ogres (D:8)
  Pikel (D:7)
  Maurice (D:8)
  5 spiny frogs
  A komodo dragon (Lair:1)
  A troll (D:8)
  Grinder (D:6)
  3 hippogriffs
  The ghost of balackLT the Chopper, an amateur GrFi (D:4)
  3 basilisks (D:9)
  10 yaks
  Eustachio (D:6)
  4 vampire mosquitoes
  2 orc warriors (D:7)
  A water moccasin (Lair:1)
  5 porcupines
  3 ice beasts
  2 phantoms
  4 slaves (D:6)
  A centaur (D:9)
  A necrophage (D:6)
  3 ogres
  3 crocodiles
  Blork the orc (D:6)
  4 bullfrogs
  A scorpion (D:5)
  5 wights (D:7)
  2 crimson imps
  5 hounds
  2 bullfrog zombies
  3 orc priests
  A jelly (D:8)
  3 bullfrog skeletons
  Jessica (D:3)
  4 iguanas
  Ijyb (D:4)
  Terence (D:3)
  11 orc wizards
  7 worker ants
  A hound zombie (D:7)
  2 howler monkey skeletons (D:5)
  A worker ant zombie (D:9)
  Robin (D:3)
  5 adders
  2 shadow imps
  An adder skeleton (D:9)
  An adder zombie (D:5)
  2 worms
  A dart slug (D:1)
  11 leopard geckos
  45 orcs
  8 giant cockroaches
  18 goblins
  13 hobgoblins
  13 jackals
  8 quokkas
  4 ball pythons
  5 bats
  3 frilled lizards
  10 kobolds
  2 leopard gecko skeletons (D:4)
  A leopard gecko zombie (D:5)
  A quokka zombie (D:7)
  9 rats
282 creatures vanquished.

Vanquished Creatures (collateral kills)
  A black mamba (Lair:2)
1 creature vanquished.

Vanquished Creatures (others)
  A black mamba (Lair:2)
  7 plants
8 creatures vanquished.

Grand Total: 291 creatures vanquished

Notes
Turn   | Place    | Note
-------+----------+-------------------------------------------
     0 | D:1      | Jabberih the Centaur Hunter began the quest for the Orb.
     0 | D:1      | Reached XP level 1. HP: 17/17 MP: 1/1
    25 | D:1      | Upgraded the game from 0.24.0-125-gc4c63601f3 to 0.24.1
   142 | D:1      | Reached XP level 2. HP: 24/24 MP: 2/2
   165 | D:1      | Reached skill level 6 in Bows
   857 | D:1      | Reached XP level 3. HP: 27/29 MP: 3/3
  1210 | D:2      | Found a faded altar of an unknown god.
  2165 | D:2      | Reached skill level 1 in Armour
  2362 | D:3      | Reached XP level 4. HP: 36/36 MP: 4/4
  2405 | D:3      | Noticed Terence
  2611 | D:3      | Killed Terence
  2611 | D:3      | Reached skill level 7 in Bows
  3346 | D:3      | Found an iron altar of Okawaru.
  3389 | D:3      | Found a bloodstained altar of Trog.
  3515 | D:2      | Reached XP level 5. HP: 38/41 MP: 5/5
  3606 | D:3      | Noticed Robin
  3610 | D:3      | Reached skill level 8 in Bows
  3670 | D:3      | Killed Robin
  3686 | D:3      | Noticed Jessica
  3697 | D:3      | Killed Jessica
  4001 | D:4      | Reached skill level 9 in Bows
  4072 | D:4      | Found a runed translucent gate.
  4072 | D:4      | Found a runed translucent gate.
  4072 | D:4      | Found a runed translucent gate.
  4077 | D:4      | Reached XP level 6. HP: 43/48 MP: 6/6
  4439 | D:4      | Noticed Ijyb
  4442 | D:4      | Paralysed by Ijyb for 7 turns
  4787 | D:4      | Noticed balackLT's ghost (amateur GrFi)
  4788 | D:4      | Found a roughly hewn altar of Beogh.
  4790 | D:4      | Identified the +8 hunting sling of Broken Luck {flame, rN+
                  | Str+2}
  4790 | D:4      | Identified the cursed +1 chain mail of the Sailor {+Fly
                  | rN+++ MR- Regen+}
  5017 | D:4      | Learned a level 2 spell: Swiftness
  5018 | D:5      | Entered Level 5 of the Dungeon
  5060 | D:5      | Reached skill level 10 in Bows
  5233 | D:5      | Reached XP level 7. HP: 46/55 MP: 7/7
  5535 | D:5      | Reached skill level 11 in Bows
  5592 | D:5      | Found Hyefrum's Armour Boutique.
  6351 | D:6      | Reached skill level 12 in Bows
  6368 | D:6      | Reached XP level 8. HP: 41/61 MP: 8/8
  6517 | D:6      | Identified a scroll of acquirement
  6577 | D:6      | Noticed Eustachio
  6593 | D:6      | Killed Eustachio
  6593 | D:6      | Reached skill level 13 in Bows
  6701 | D:6      | Noticed Grinder
  6733 | D:6      | Paralysed by Grinder for 7 turns
  7415 | D:4      | Killed Ijyb
  7557 | D:4      | Killed balackLT's ghost
  7675 | D:6      | Noticed Pikel
  7755 | D:6      | Noticed Blork the orc
  7759 | D:6      | Killed Blork the orc
  7759 | D:6      | Reached skill level 14 in Bows
  7767 | D:6      | Killed Grinder
  8135 | D:3      | Became a worshipper of Warmaster Okawaru
  8365 | D:7      | Killed Pikel
  8365 | D:7      | Reached * piety under Okawaru
  8365 | D:7      | Reached XP level 9. HP: 70/70 MP: 9/9
  8462 | D:7      | Found a shimmering blue altar of Sif Muna.
  8644 | D:7      | Found a staircase to the Ecumenical Temple.
  8816 | D:7      | Reached ** piety under Okawaru
  9071 | D:7      | Reached skill level 1 in Axes
  9204 | D:7      | Reached skill level 5 in Fighting
  9509 | D:8      | Noticed a two-headed ogre
  9516 | D:8      | Killed a two-headed ogre
  9516 | D:8      | Reached *** piety under Okawaru
  9516 | D:8      | Reached XP level 10. HP: 81/81 MP: 10/10
  9853 | D:8      | Learned a level 3 spell: Portal Projectile
  9892 | D:8      | Noticed Maurice
  9917 | D:8      | Killed Maurice
 10571 | D:9      | Noticed a two-headed ogre
 10604 | D:8      | Killed a two-headed ogre
 10604 | D:8      | Reached **** piety under Okawaru
 10604 | D:8      | Received a gift from Okawaru
 10604 | D:8      | Reached skill level 5 in Axes
 10717 | D:9      | Noticed Erica
 10722 | D:9      | Killed Erica
 10722 | D:9      | Reached skill level 5 in Armour
 10722 | D:9      | Reached skill level 5 in Dodging
 10949 | D:9      | Found a staircase to the Lair.
 11076 | D:9      | Reached ***** piety under Okawaru
 11215 | D:9      | Received a gift from Okawaru
 11350 | D:9      | Reached XP level 11. HP: 78/86 MP: 11/11
 11476 | D:9      | Noticed Erolcha
 11487 | D:9      | Killed Erolcha
 11975 | D:10     | Entered Level 10 of the Dungeon
 11986 | Lair:1   | Entered Level 1 of the Lair of Beasts
 12454 | Lair:1   | Noticed an eight-headed hydra
 12485 | Lair:1   | Killed an eight-headed hydra
 12596 | Lair:1   | Reached ****** piety under Okawaru
 12747 | Lair:1   | Received a gift from Okawaru
 13651 | Lair:2   | Noticed a five-headed hydra
 13659 | Lair:2   | Noticed a five-headed hydra
 14135 | Lair:2   | Reached skill level 1 in Invocations
 14156 | Lair:2   | Reached skill level 1 in Evocations
 14406 | Lair:2   | Noticed an eight-headed hydra
 14417 | Lair:2   | HP: 4/86 [eight-headed hydra (7)]
 14417 | Lair:2   | Slain by an eight-headed hydra

Levels and vault maps discovered:
D:1:      lemuel_arrival_hallway, layout_basic
D:2:      cheibrodos_greedy_goblins, layout_loops_ring, first_ration,
          chequers_ecumenical_altar_twisty, minivault_4
D:3:      layout_basic, bloody_trog, okawaru_trees_2, uniq_robin, uniq_terence,
          uniq_jessica
D:4:      layout_loops_ring, biasface_ghost_orc_armoury,
          eino_small_chamber_without_monster, uniq_ijyb
D:5:      layout_loops_ring, serial_shops, shop,
          hangedman_abyss_or_decor_lesser_grid
D:6:      layout_rooms, minmay_chambers_of_fives, uniq_pikel, uniq_grinder,
          uniq_eustachio, uniq_blork_the_orc
D:7:      layout_gridville, minmay_temple_entry_sparse_star, led_sif_book
D:8:      layout_basic, uniq_maurice
D:9:      layout_rooms, minmay_lair_entry_grove, uniq_erica, uniq_erolcha
D:10:     layout_stronghold, minmay_orc_entry_temple_small
Lair:1:   layout_gridlike
Lair:2:   cheibrodos_lair_river_kwai, layout_cave_pods,
          minmay_swamp_entry_swarm, minivault_23

Skill      XL: |  1  2  3  4  5  6  7  8  9 10 11 |
---------------+----------------------------------+-----
Bows           | 6 7 9 10 12 14 | 14.0
Armour         | 1 2 4 5 6 |  6.2
Dodging        | 2 4 5 6 |  6.3
Fighting       | 3 5 |  5.0
Axes           | 3 6 8 |  8.7
Invocations    | 2 |  2.0
Evocations     | 1 |  1.5
Short Blades   | |  0.4
Polearms       | |  0.4
Stealth        | |  0.4

Action                   |  1- 3 |  4- 6 |  7- 9 | 10-12 || total
-------------------------+-------+-------+-------+-------++-------
Melee: Short sword       |     4 |       |       |       ||     4
       Kick              |    12 |    15 |    15 |    18 ||    60
       Spear             |    95 |    77 |    22 |       ||   194
       Battleaxe         |       |       |    54 |   105 ||   159
 Fire: Shortbow          |    64 |   174 |   128 |       ||   366
       Longbow           |       |       |   171 |   202 ||   373
Invok: Heroism           |       |       |       |     4 ||     4
Evoke: Wand              |       |       |     4 |    24 ||    28
  Use: Scroll            |       |    12 |     3 |     9 ||    24
       Potion            |       |       |       |     1 ||     1
  Eat: Chunk             |     3 |     5 |     6 |    12 ||    26
       Ration            |       |     1 |     1 |       ||     2
Armor: Leather armour    |    27 |    47 |    16 |       ||    90
       Ring mail         |       |       |    15 |       ||    15
       Scale mail        |       |       |    73 |    90 ||   163
       Skin              |       |       |     2 |       ||     2
Dodge: Dodged            |    30 |    56 |    57 |    93 ||   236
Block: Other             |       |     6 |    26 |    32 ||    64
       Reflection        |       |       |     1 |     1 ||     2
